 Dungeon Crawl Stone Soup version 0.31-a0-188-g5e087ee2ca (webtiles) character file.

Game seed: 12106450296803485272

74 qw the Shooter (level 4, -10/25 HPs)
             Began as a Deep Elf Hunter on June 23, 2023.
             Killed by divine providence
             ... invoked by an orc priest
              (11 damage)
             ... on level 3 of the Dungeon.
             The game lasted 00:00:34 (1407 turns).

qw the Shooter (Deep Elf Hunter)                    Turns: 1407, Time: 00:00:35

Health: -10/25     AC:  3    Str: 10    XL:     4   Next: 9%
Magic:  6/6        EV: 12    Int: 14    God:
Gold:   106        SH:  0    Dex: 18    Spells: 3/3 levels left

rFire   . . .        Y - +0 shortbow
rCold   . . .        (shield currently unavailable)
rNeg    + . .        c - +0 leather armour
rPois   +            (no helmet)
rElec   .            (no cloak)
rCorr   .            (no gloves)
SInv    .            (no boots)
Will    .....        (no amulet)
Stlth   ++           e - ring of poison resistance
HPRegen 0.24/turn    h - ring of positive energy
MPRegen 0.10/turn

%: no passive effects
@: mighty
A: no striking features
a: no special abilities


You were on level 3 of the Dungeon.
You visited 1 branch of the dungeon, and saw 3 of its levels.

You collected 129 gold pieces.
You spent 23 gold pieces at shops.


   Skills:
 - Level 1.5 Fighting
 + Level 7.5 Ranged Weapons
 - Level 2.4 Dodging
 - Level 1.2 Stealth


You had 3 spell levels left.
You didn't know any spells.
Your spell library was empty.

Inventory:

Hand Weapons
 Y - a +0 shortbow (weapon)
Armour
 c - a +0 leather armour (worn)
Jewellery
 e - a ring of poison resistance (left hand)
 h - a ring of positive energy (right hand)
Wands
 l - a wand of digging (2)
Scrolls
 a - 3 scrolls of identify
Potions
 b - 2 potions of might
 d - a potion of curing

Dungeon Overview and Level Annotations

Branches:
Dungeon (3/15)

Altars:

Shops:
D:1 *


Message History

You shoot an arrow.
The arrow hits the orc but does no damage.
An orc priest comes into view. It is wielding a +0 hand axe.
You shoot an arrow. The arrow closely misses the adder.
The orc priest shouts!
The arrow hits the orc.
The orc is severely wounded.
An orc priest comes into view. It is wielding a +0 trident.
You shoot an arrow. The orc priest shouts!
The arrow hits the adder.
The adder is lightly wounded.
You shoot an arrow. The arrow misses the adder.
The arrow hits the orc!
You kill the orc!
The orc priest invokes the aid of Beogh against you.
Beogh smites you!
Ouch! That really hurt!
The adder bites you but does no damage.
You shoot an arrow. The arrow hits the adder.
The adder is heavily wounded.
The adder closely misses you.
You shoot an arrow. The arrow hits the adder!
You kill the adder!
You have reached level 4!
You feel clever.
You shoot an arrow. The arrow hits the orc.
You kill the orc!
You shoot an arrow. The arrow barely misses the orc priest.
The arrow hits the orc priest but does no damage.
The orc priest hits you from afar with a +0 trident.
1406 ||| DRINKING potion of heal wounds.
You feel much better.
The orc priest hits you from afar with a +0 trident!
The orc priest calls down the wrath of Beogh upon you.
Beogh smites you!
You shoot an arrow. The arrow hits the orc priest!
The orc priest is heavily wounded.
The orc priest looks braver for a moment.
The orc priest invokes the aid of Beogh against you.
Beogh smites you!
You die...

. ..$
########...:.
#.>..@)oo.)..
#..#####.....
#..# ... #..#
##. .
#.####.....
#)........>
#..###.####
#..........
#..###.####


You could see 2 orc priests.

Vanquished Creatures
  2 adders
  A worm (D:2)
  3 orcs (D:3)
  4 endoplasms
  A giant cockroach (D:2)
  6 goblins
  5 hobgoblins
  2 jackals (D:2)
  5 kobolds
  3 quokkas (D:1)
  3 ball pythons
  4 bats (D:1)
  4 frilled lizards
  4 rats
47 creatures vanquished.

Notes
Turn   | Place    | Note
-------+----------+-------------------------------------------
     0 | D:1      | qw the Deep Elf Hunter began the quest for the Orb.
     0 | D:1      | Reached XP level 1. HP: 12/12 MP: 3/3
     0 | D:1      | 0 ||| qw: Version: 0.3-a-9-g12657ce
     0 | D:1      | 0 ||| qw: Game counter: 3925
     0 | D:1      | 0 ||| qw: Always use a shield: true
     0 | D:1      | 0 ||| qw: God list: Okawaru
     0 | D:1      | 0 ||| qw: Allow faded altars: false
     0 | D:1      | 0 ||| qw: Do Orc after D:15 true
     0 | D:1      | 0 ||| qw: Do second Lair branch before Depths: true
     0 | D:1      | 0 ||| qw: Lair rune preference: random
     0 | D:1      | 0 ||| qw: Plans: Normal
     0 | D:1      | 0 ||| PLANNING D:1-11
    56 | D:1      | HP: 2/12 [quokka (3)]
   144 | D:1      | Reached skill level 6 in Ranged Weapons
   144 | D:1      | Reached XP level 2. HP: 16/16 MP: 4/4
   280 | D:1      | Found Ofelaph's Assorted Antiques.
   290 | D:1      | 290 ||| SHOPLISTING runed leather armour (115 gold, have
                  | 36).
   290 | D:1      | 290 ||| SHOPLISTING sapphire sling (149 gold, have 36).
   290 | D:1      | 290 ||| BUYING scroll labelled EJEUBL TEIXIBA (23 gold).
   290 | D:1      | Bought a scroll labelled EJEUBL TEIXIBA for 23 gold pieces
   290 | D:1      | 290 ||| SHOPLISTING smoky brown potion (20 gold, have 13).
   290 | D:1      | 290 ||| SHOPLISTING tiny emerald amulet (115 gold, have
                  | 13).
   290 | D:1      | 290 ||| SHOPLISTING twisted peridot ring (115 gold, have
                  | 13).
   545 | D:1      | Reached XP level 3. HP: 17/20 MP: 5/5
   831 | D:1      | 831 ||| UPGRADING to ring of poison resistance.
   832 | D:1      | 832 ||| UPGRADING to ring of positive energy.
   833 | D:1      | 833 ||| READING 7 scrolls labelled EJEUBL TEIXIBA.
   834 | D:1      | 834 ||| READING scroll labelled DUEREU VOICRO.
   838 | D:1      | 838 ||| READING 6 scrolls of identify.
   838 | D:1      | 838 ||| IDENTIFYING lumpy yellow potion
   839 | D:1      | 839 ||| READING 5 scrolls of identify.
   839 | D:1      | 839 ||| IDENTIFYING yellow potion
   840 | D:1      | 840 ||| DROPPING scroll of butterflies.
   940 | D:2      | Reached skill level 7 in Ranged Weapons
  1359 | D:2      | 1359 ||| READING 3 scrolls labelled SOHAAQ XYDIWIA.
  1360 | D:2      | 1360 ||| READING scroll labelled USUROKL TETO.
  1361 | D:2      | 1361 ||| DRINKING 3 orange potions.
  1362 | D:2      | 1362 ||| READING 5 scrolls of identify.
  1362 | D:2      | 1362 ||| IDENTIFYING smoky cyan potion
  1363 | D:2      | 1363 ||| READING 4 scrolls of identify.
  1363 | D:2      | 1363 ||| IDENTIFYING fuming yellow potion
  1364 | D:2      | 1364 ||| DROPPING 2 scrolls of fear.
  1365 | D:2      | 1365 ||| DROPPING potion of invisibility.
  1366 | D:2      | 1366 ||| DROPPING potion of lignification.
  1404 | D:3      | Reached XP level 4. HP: 8/25 MP: 6/6
  1405 | D:3      | HP: 5/25 [orc priest/+0 trident (4)]
  1406 | D:3      | 1406 ||| DRINKING potion of heal wounds.
  1406 | D:3      | HP: 1/25 [orc priest/divine providence (11)]
  1407 | D:3      | Killed from afar by an orc priest

Levels and vault maps discovered:
D:1:      dpeg_arrival_long_road, layout_basic, serial_shops,
          nicolae_shop_statue_plus
D:2:      layout_rooms, kennysheep_small_spiral, chequers_mini_garden,
          minmay_misc_feat_roman, grunt_decor_junction
D:3:      layout_loops_ring, nicolae_wu_jian_wuxing_cycle

Skill      XL: |  1  2  3 |
---------------+----------+-----
Ranged Weapons | 6 7 |  7.5
Fighting       | |  1.5
Dodging        | |  2.4
Stealth        | |  1.2

Action                     |  1- 3 |  4- 6 || total
---------------------------+-------+-------++-------
   Fire: Shortbow          |   109 |     3 ||   112
    Use: Scroll            |     8 |       ||     8
         Potion            |     1 |     1 ||     2
 Armour: Leather armour    |    10 |       ||    10
  Dodge: Dodged            |    20 |       ||    20

Table legend:
 A = Non-vault XP
 B = Vault XP
 C = Vault XP percentage of total XP
 D = Non-vault monster count
 E = Vault monster count
 F = Vault count percentage of total count
                 A         B        C        D         E       F
            +---------+---------+-------+---------+---------+-------
      Total |     106 |       0 |   0.0 |      47 |       0 |   0.0
            +---------+---------+-------+---------+---------+-------
        D:1 |      46 |       0 |   0.0 |      29 |       0 |   0.0
        D:2 |      36 |       0 |   0.0 |      13 |       0 |   0.0
        D:3 |      24 |       0 |   0.0 |       5 |       0 |   0.0
            +---------+---------+-------+---------+---------+-------
